 Dungeon Crawl Stone Soup version 0.31-a0-1308-ga3cce3a448 (webtiles) character file.

Game seed: 8134097559445971919

17752 Sonofthefire the Mimic (level 12, -18/87 HPs)
             Began as an Octopode Shapeshifter on Dec 20, 2023.
             Was a High Priest of Okawaru.
             Demolished by a skeletal warrior
             ... wielding a +0 battleaxe
              (31 damage)
             ... on level 13 of the Dungeon.
             The game lasted 00:43:06 (15633 turns).

Sonofthefire the Mimic (Octopode Shapeshifter)     Turns: 15633, Time: 00:43:06

Health: -18/87     AC:  9    Str: 17    XL:     12   Next: 51%
Magic:  12/12      EV: 22    Int: 12    God:    Okawaru [*****.]
Gold:   733        SH:  0    Dex: 13    Spells: 11/11 levels left

rFire   . . .        F - melded +2 scimitar (flame)
rCold   + . .        (shield currently unavailable)
rNeg    + . .        (helmet restricted)
rPois   .            I - amulet of the acrobat
rElec   .            e - ring of positive energy
rCorr   +            x - +4 ring of protection
SInv    .            i - ring of resist corrosion
Will    +....        D - +4 ring of protection
Stlth   ++           T - ring of protection from cold
HPRegen 0.34/turn    P - +5 ring of evasion
MPRegen 0.13/turn    Q - ring of willpower
                     (no ring)

%: acrobat
@: blade tentacles
A: almost no armour, amphibious, 8 rings, camouflage 1, gelatinous body 1,
(nimble swimmer 1), tentacles, MP-powered wands, persistent drain
a: Begin Untransformation, Renounce Religion, Heroism, Finesse, Duel


You were on level 13 of the Dungeon.
You worshipped Okawaru.
Okawaru was extremely pleased with you.
You had blades for main tentacles.
You visited 2 branches of the dungeon, and saw 15 of its levels.
You also visited: Ossuary.

You collected 733 gold pieces.

Inventory:

Hand Weapons
 F - a +2 scimitar of flaming (melded)
Missiles
 h - a throwing net
 N - 3 atropa-tipped darts
 O - a curare-tipped dart
Jewellery
 d - an amulet of faith
 e - a ring of positive energy (left blade tentacle)
 i - a ring of resist corrosion (on tentacle)
 x - a +4 ring of protection (right blade tentacle)
 D - a +4 ring of protection (on tentacle)
 I - an amulet of the acrobat (around mantle)
 M - a ring of fire
 P - a +5 ring of evasion (on tentacle)
 Q - a ring of willpower (on tentacle)
 T - a ring of protection from cold (on tentacle)
Talismans
 b - a beast talisman
 c - a flux talisman
 z - a serpent talisman
 G - a blade talisman (active)
Wands
 l - a wand of flame (26)
 p - a wand of polymorph (4) (quivered)
 H - a wand of iceblast (7)
 R - a wand of paralysis (8)
 S - a wand of mindburst (4)
Scrolls
 f - 4 scrolls of immolation
 k - 4 scrolls of blinking
 o - 3 scrolls of summoning
 r - 6 scrolls of identify
 s - 3 scrolls of teleportation
 t - a scroll of vulnerability
 u - 6 scrolls of enchant armour
 v - 2 scrolls of torment
 w - 2 scrolls of enchant weapon
 y - 3 scrolls of fear
 A - 4 scrolls of revelation
 B - a scroll of brand weapon
 C - a scroll of silence
 J - 2 scrolls of fog
 K - a scroll of poison
 L - 4 scrolls of amnesia
Potions
 a - a potion of ambrosia
 g - a potion of might
 j - 3 potions of enlightenment
 m - 3 potions of cancellation
 n - a potion of curing
 q - 2 potions of haste
 E - a potion of attraction


   Skills:
 + Level 9.8 Fighting
 + Level 10.0 Dodging
 + Level 10.2 Unarmed Combat
 * Level 11.0 Shapeshifting


You had 11 spell levels left.
You didn't know any spells.
Your spell library contained the following spells:

 Spells                   Type           Power      Damage    Failure   Level
 Apportation              Tloc           0%         N/A       32%         1
 Foxfire                  Conj/Fire      0%         2x1d4     32%         1
 Shock                    Conj/Air       0%         1d3       32%         1
 Slow                     Hex            0%         N/A       32%         1
 Jinxbite                 Hex            0%         N/A       45%         2
 Swiftness                Air            0%         N/A       69%         3
 Airstrike                Air            0%         2d(0-16)  97%         4
 Vhi's Electric Charge    Tloc/Air       0%         N/A       97%         4
 Alistair's Intoxication  Tmut/Pois      0%         N/A       100%        5
 Arcjolt                  Conj/Air       0%         1d10      100%        5
 Plasma Beam              Fire/Air       0%         2x1d10    100%        6
 Maxwell's Capacitive Co  Air            0%         ∞         100%        8


Dungeon Overview and Level Annotations

Branches:
Dungeon (14/15)            Temple (1/1) D:4            Lair (0/5) D:11
    Orc (0/2) D:10        Ossuary (visited)
 Vaults: D:13-14

Altars:
Ashenzari
Cheibriados
Dithmenos
Elyvilon
Fedhas
Gozag
Hepliaklqana
Kikubaaqudgha
Makhleb
Nemelex Xobeh
Okawaru
Qazlal
Ru
Sif Muna
Trog
Uskayaw
Vehumet
Wu Jian
Xom
Yredelemnul
Zin
The Shining One
Jiyva

Shops:
D:4 (   D:9 *

Annotations:
D:12 3 runed translucent doors, Xidur's ghost, journeyman DEHW
Temple 4 transporters


Innate Abilities, Weirdness & Mutations

You have blades for main tentacles.
You are incapable of wielding weapons or throwing items.
You cannot wear most types of armour.
You are amphibious.
You can wear up to eight rings at the same time.
Your skin changes colour to match your surroundings (Stealth+).
Your rubbery body absorbs attacks. (AC +1, EV +1)
((You are camouflaged when in or above water. (Stealth+)))
You have tentacles for arms and can constrict up to eight enemies at once.
You expend magic power (3 MP) to strengthen your wands.
Your health recovers twice as slowly from being drained.


Message History

There is a stone staircase leading down here.
You are confused.
You feel invigorated.
The skeletal warrior hits you with a +0 battleaxe!
* * * LOW HITPOINT WARNING * * *
You feel better.
You feel less invigorated.
The skeletal warrior hits you with a +0 battleaxe.
* * * LOW HITPOINT WARNING * * *
You feel better. The skeletal warrior misses you.
You hit the skeletal warrior. Your grab misses the skeletal warrior.
The skeletal warrior is lightly damaged.
The skeletal warrior barely misses you.
You barely miss the skeletal warrior. Your grab misses the skeletal warrior.
You squeeze the skeletal warrior, but do no damage.
The skeletal warrior is lightly damaged.
The skeletal warrior hits you with a +0 battleaxe.
* * * LOW HITPOINT WARNING * * *
You hit the skeletal warrior. Your grab misses the skeletal warrior.
You squeeze the skeletal warrior.
The skeletal warrior is moderately damaged.
You hit the skeletal warrior but do no damage.
Your grab misses the skeletal warrior.
The skeletal warrior is moderately damaged.
The skeletal warrior hits you with a +0 battleaxe.
* * * LOW HITPOINT WARNING * * *
You slice the skeletal warrior!! You grab the skeletal warrior.
You squeeze the skeletal warrior, but do no damage.
The skeletal warrior is heavily damaged.
You constrict the skeletal warrior.
The skeletal warrior completely misses you.
You slash the skeletal warrior!
The skeletal warrior is severely damaged.
You constrict the skeletal warrior, but do no damage.
The skeletal warrior completely misses you.
You slash the skeletal warrior!
You squeeze the skeletal warrior, but do no damage.
The skeletal warrior is almost destroyed.
You constrict the skeletal warrior.
The skeletal warrior hits you with a +0 battleaxe!!
You die...

.# #..#....................
.#########..#.......#####........
............#.......# #........
............#.......# #..######
............#.......# #..#
............#.......# #.)#
............#.......#####..#
########....#....†....>....# #
#....#...@..........# #
#....#....z.#####...# #
#..(.#......# #...## #
#....#......# #....# #
#....#......# #....#
########....#......# #....#
............#......#####....#
............###...^.^.......#
.##+####......#.............#


You could see a skeletal warrior.

Vanquished Creatures
  A hydra (D:13)
  Erica (D:11)
  A centaur warrior (D:13)
  2 boulder beetles
  2 two-headed ogres
  Pikel (D:4)
  3 cyclopes
  A deep elf pyromancer (D:12)
  A manticore (D:12)
  2 slime creatures (D:12)
  A cane toad (shapeshifter) (D:13)
  An unseen horror (D:12)
  3 gargoyles
  3 komodo dragons (D:11)
  2 trolls
  8 yaks
  A wraith (Ossuary)
  2 shadows
  2 wyverns
  A basilisk (D:12)
  A steam dragon (D:9)
  A water moccasin (D:8)
  2 acid dragons
  2 sky beasts
  3 ice beasts
  2 black bears
  9 orc warriors
  3 ogres
  9 centaurs
  4 kobold brigands
  4 lemures (D:4)
  2 bullfrogs (D:8)
  A brain worm (D:12)
  5 scorpions
  14 killer bees
  6 howler monkeys
  A crimson imp (D:5)
  3 hounds
  5 jellies
  11 orc priests
  2 gnoll boudas
  Terence (D:3)
  4 iguanas
  14 orc wizards
  3 mummies (Ossuary)
  13 gnolls
  13 adders
  5 white imps
  4 ufetubi
  2 worms
  3 dart slugs
  52 orcs
  8 bats
  7 endoplasms
  6 giant cockroaches (D:1)
  6 hobgoblins
  4 jackals (D:3)
  27 kobolds
  3 quokkas
  12 ball pythons
  2 frilled lizards
  8 goblins
  6 goblin zombies (Ossuary)
  4 kobold zombies (Ossuary)
  4 rats
340 creatures vanquished.

Notes
Turn   | Place    | Note
-------+----------+-------------------------------------------
     0 | D:1      | Sonofthefire the Octopode Shapeshifter began the quest for
                  | the Orb.
     0 | D:1      | Reached XP level 1. HP: 13/13 MP: 1/1
    36 | D:1      | Reached XP level 2. HP: 16/18 MP: 2/2
   595 | D:1      | Reached XP level 3. HP: 22/23 MP: 3/3
  1089 | D:2      | Reached XP level 4. HP: 24/29 MP: 4/4
  1759 | D:3      | Reached XP level 5. HP: 24/35 MP: 5/5
  1888 | D:3      | Noticed Terence
  1905 | D:3      | Killed Terence
  2467 | D:4      | Found a staircase to the Ecumenical Temple.
  2476 | Temple   | Found a transporter.
  2476 | Temple   | Found a transporter.
  2476 | Temple   | Found a transporter.
  2476 | Temple   | Found a transporter.
  2476 | Temple   | Entered the Ecumenical Temple
  2494 | Temple   | Became a worshipper of Warmaster Okawaru
  2598 | D:4      | Reached XP level 6. HP: 34/41 MP: 6/6
  2634 | D:4      | Reached skill level 4 in Shapeshifting
  3012 | D:4      | Reached * piety under Okawaru
  3252 | D:4      | Found Lupug's Weapon Emporium.
  3337 | D:4      | Reached XP level 7. HP: 41/46 MP: 7/7
  3529 | D:4      | Noticed Pikel
  3643 | D:5      | Entered Level 5 of the Dungeon
  4052 | D:5      | Reached skill level 5 in Unarmed Combat
  4239 | D:5      | Reached ** piety under Okawaru
  4240 | D:5      | Reached XP level 8. HP: 48/54 MP: 8/8
  4570 | D:4      | Reached skill level 5 in Shapeshifting
  5049 | D:4      | Found a staircase to the Ecumenical Temple.
  5278 | D:4      | Found Lupug's Weapon Emporium.
  5424 | D:4      | Killed Pikel
  5425 | D:4      | Reached skill level 5 in Fighting
  5425 | D:4      | Reached skill level 5 in Dodging
  5514 | D:6      | Found a sand-covered staircase.
  5518 | Ossuary  | Entered an ossuary
  5518 | Ossuary  | Noticed a wraith
  5518 | Ossuary  | Noticed a wraith
  5518 | Ossuary  | Noticed a wraith
  5633 | Ossuary  | Noticed a wraith
  5639 | Ossuary  | Killed a wraith
  5639 | Ossuary  | Reached *** piety under Okawaru
  5962 | D:6      | Reached XP level 9. HP: 60/61 MP: 9/9
  5970 | D:6      | Reached skill level 6 in Shapeshifting
  6350 | D:6      | Reached **** piety under Okawaru
  7010 | D:8      | Reached ***** piety under Okawaru
  7011 | D:8      | Reached XP level 10. HP: 36/69 MP: 10/10
  7133 | D:8      | Reached skill level 7 in Shapeshifting
  7299 | D:7      | Found a hide-covered altar of Uskayaw.
  7352 | D:7      | Found a bloodstained altar of Trog.
  7544 | D:7      | Found a sacrificial altar of Ru.
  8051 | D:8      | Found a radiant altar of Vehumet.
  8789 | D:8      | Identified the +6 trident of the Postmodern Nights {freeze,
                  | rF+}
  9124 | D:9      | Found a white marble altar of Elyvilon.
  9226 | D:9      | Received a gift from Okawaru
  9594 | D:9      | Reached skill level 8 in Shapeshifting
  9888 | D:9      | Found Win Eggo's Demolitions Depot.
 10074 | D:10     | Entered Level 10 of the Dungeon
 10380 | D:10     | Found a blossoming altar of Fedhas.
 10381 | D:10     | Found an ancient bone altar of Kikubaaqudgha.
 10434 | D:10     | Reached XP level 11. HP: 77/77 MP: 11/11
 10584 | D:10     | Found a staircase to the Orcish Mines.
 11159 | D:11     | Noticed a cyclops
 11348 | D:11     | Noticed a two-headed ogre
 11358 | D:11     | Killed a two-headed ogre
 11364 | D:11     | Noticed a cyclops
 11379 | D:11     | Killed a cyclops
 11379 | D:11     | Received a gift from Okawaru
 11380 | D:11     | Reached skill level 9 in Shapeshifting
 11738 | D:11     | Killed a cyclops
 12054 | D:11     | Noticed a boulder beetle
 12074 | D:11     | Killed a boulder beetle
 12273 | D:11     | Noticed Erica
 12481 | D:11     | Killed Erica
 12940 | D:11     | Found a staircase to the Lair.
 13222 | D:11     | Got the Essays on Malediction and Confrontation
 13253 | D:11     | Gained mutation: Your health recovers twice as slowly from
                  | being drained. [potion of mutation]
 13253 | D:11     | Gained mutation: You expend magic power (3 MP) to
                  | strengthen your wands. [potion of mutation]
 13569 | D:12     | Found a runed translucent gate.
 13570 | D:12     | Found a runed translucent gate.
 13571 | D:12     | Found a runed translucent gate.
 13595 | D:12     | Noticed an azure jelly
 13596 | D:12     | Noticed an acid blob
 13596 | D:12     | Noticed an azure jelly
 13597 | D:12     | Noticed an azure jelly
 13597 | D:12     | Noticed Xidur's ghost (journeyman DEHW)
 13597 | D:12     | Noticed an acid blob
 13597 | D:12     | Noticed an azure jelly
 13597 | D:12     | Noticed a shining eye
 13598 | D:12     | Noticed a rockslime
 13598 | D:12     | Noticed an azure jelly
 13598 | D:12     | Noticed an azure jelly
 13623 | D:12     | Found a sparkling altar of Nemelex Xobeh.
 13692 | D:12     | Noticed a manticore
 13702 | D:12     | Noticed a deep elf pyromancer
 13706 | D:12     | Killed a manticore
 13728 | D:12     | Killed a deep elf pyromancer
 13729 | D:12     | Reached skill level 10 in Shapeshifting
 13936 | D:12     | Reached XP level 12. HP: 81/85 MP: 3/12
 14148 | D:12     | Found Othroal's Antique Armour Emporium.
 14298 | D:12     | Received a gift from Okawaru
 14344 | D:12     | Noticed a two-headed ogre
 14349 | D:12     | Killed a two-headed ogre
 14531 | D:12     | Found a viscous altar of Jiyva.
 14578 | D:13     | Reached skill level 10 in Unarmed Combat
 14595 | D:13     | Noticed a centaur warrior
 14610 | D:13     | Killed a centaur warrior
 14763 | D:13     | Noticed a boulder beetle
 14775 | D:13     | Killed a boulder beetle
 15307 | D:14     | Noticed a five-headed hydra
 15445 | D:13     | Killed a one-headed hydra
 15446 | D:13     | Reached skill level 10 in Dodging
 15446 | D:13     | Reached skill level 11 in Shapeshifting
 15624 | D:13     | HP: 1/87 [skeletal warrior/+0 battleaxe (15)]
 15633 | D:13     | Demolished by a skeletal warrior

Illustrated notes

Levels and vault maps discovered:
D:1:      co_arrival_square_in_a_square_in_a_square, layout_basic,
          minmay_worlds_worst_comb
D:2:      layout_loops_ring
D:3:      layout_basic, uniq_terence
D:4:      nicolae_cairo_tiling_very_big, layout_loops_ring,
          minmay_temple_entry_crystal_x, serial_shops,
          nicolae_shop_bloodbath_and_beyond, small_statue_intersection,
          hangedman_abyss_or_decor_stabs, minmay_fractal_squares_diagonal_5,
          uniq_pikel
D:5:      layout_rooms, amethyst_killhole, minmay_fire_ice_demons
D:6:      layout_basic, nicolae_ossuary_entry_monument, minmay_diced_spiral
D:7:      layout_basic, mainiacjoe_overflow_alcove_2,
          mainiacjoe_overflow_small_starburst, amcnicky_altar_gilded,
          serial_rivers, chequers_serial_rivers_large_b,
          chequers_serial_rivers_marsh, chequers_serial_rivers_small_b,
          chequers_serial_rivers_micro_a, chequers_serial_rivers_marsh,
          chequers_serial_rivers_room_b, chequers_serial_rivers_micro_e
D:8:      layout_cave_pools, kennysheep_mini_moat
D:9:      layout_roguey, nicolae_elyvilon_peaceful_grove, minivault_16,
          nicolae_blasting_shop, minmay_misc_feat_rows
D:10:     layout_roguey, grunt_temple_overflow_growth_and_decay,
          david_orc_1_choice, minivault_25_ag
D:11:     layout_rooms, erik_lair_dragon, serial_corexii_hall,
          chequers_hall_statues_y, chequers_hall_statues_wall_a,
          corexii_hall_statues_i, corexii_hall_statues_t, uniq_erica
D:12:     layout_basic, serial_shops, shop, gammafunk_ghost_ooze,
          hex_intersection, nemelex_altar_shiori
D:13:     layout_irregular_city
D:14:     layout_rooms, david_vaults_5, chequers_decorated_corner, minivault_27,
          nicolae_uskayaw_dance_hall
Temple:   hellmonk_temple_divided_pantheon

Skill      XL: |  1  2  3  4  5  6  7  8  9 10 11 12 |
---------------+-------------------------------------+-----
Fighting       | 2 3 4 5 6 8 9 |  9.8
Dodging        | 3 4 5 7 8 9 10 | 10.0
Unarmed Combat | 4 5 6 7 8 9 10 | 10.2
Shapeshifting  | 4 5 6 8 10 11 | 11.0

Action                     |  1- 3 |  4- 6 |  7- 9 | 10-12 || total
---------------------------+-------+-------+-------+-------++-------
  Melee: Unarmed           |    69 |   131 |   244 |   497 ||   941
         Constrict         |    16 |    35 |    52 |    92 ||   195
         Tentacles         |     8 |    29 |    54 |   155 ||   246
         Punch             |       |     5 |    12 |     2 ||    19
         Scimitar          |       |       |       |     8 ||     8
  Throw: Throwing net      |       |       |     2 |       ||     2
 Invoke: Heroism           |       |       |     2 |     3 ||     5
         Finesse           |       |       |       |     1 ||     1
Ability: Begin Untransform |       |       |       |     1 ||     1
  Evoke: Wand              |       |       |       |    25 ||    25
    Use: Potion            |       |     3 |    10 |     6 ||    19
         Scroll            |       |       |    17 |    14 ||    31
   Stab: Sleeping          |     7 |    11 |     8 |     1 ||    27
 Armour: Skin              |    28 |    53 |   116 |   217 ||   414
  Dodge: Dodged            |    43 |    78 |   157 |   570 ||   848
   Form: Flux              |       |       |       |     1 ||     1
         Blade             |       |       |       |     1 ||     1
         Serpent           |       |       |       |     1 ||     1
         Beast             |       |       |       |     1 ||     1

Table legend: (Time is in decaauts)
 A = Elapsed time spent in this place.
 B = Non-inter-level travel time spent in this place.
 C = Inter-level travel time spent in this place.
 D = Time resting spent in this place.
 E = Time spent auto-exploring this place.
 F = Levels seen in this place.
 G = Mean time per level.
                   A        B        C        D        E       F      G
               +--------+--------+--------+--------+--------+-----+--------+
         Total |  15566 |  14756 |    810 |   4251 |   7819 |  16 |  972.9 |
       Dungeon |  15075 |  14283 |    792 |   4170 |   7547 |  14 | 1076.8 |
        Temple |     36 |     18 |     18 |      0 |      0 |   1 |   36.0 |
       Ossuary |    454 |    454 |      0 |     81 |    272 |   1 |  454.0 |
               +--------+--------+--------+--------+--------+-----+--------+

Top non-repeatable levels by time:
     D:4: 2080 daAuts
    D:11: 1909 daAuts
     D:8: 1395 daAuts
    D:10: 1264 daAuts
     D:9: 1112 daAuts
    D:12: 1098 daAuts
    D:13: 1046 daAuts
     D:7: 977 daAuts
     D:5: 888 daAuts
     D:1: 844 daAuts
     D:2: 839 daAuts
     D:6: 804 daAuts
     D:3: 772 daAuts
 Ossuary: 454 daAuts
    D:14: 42 daAuts
